 Dungeon Crawl Stone Soup version 0.24-a0-11-g46ee55f (webtiles) character file.

Game seed: 8100095913254300667

412 robertstho the Magician (level 6, 0/32 HPs)
             Began as a Deep Elf Summoner on Jan 31, 2019.
             Was an Initiate of Sif Muna.
             Killed from afar by an orc wizard (4 damage)
             ... with a magic dart
             ... on level 5 of the Dungeon.
             The game lasted 00:21:11 (3869 turns).

robertstho the Magician (Deep Elf Summoner)         Turns: 3869, Time: 00:21:11

Health: 0/32       AC:  3    Str:  9    XL:     6   Next: 59%
Magic:  16/27      EV: 13    Int: 22    God:    Sif Muna [......]
Gold:   220        SH:  0    Dex: 15    Spells: 10/19 levels left

rFire    . . .     SeeInvis .   E - +7 whip of Zakier {slash, rF+ MP+9 Str+4}
rCold    + . .     Gourm    .   (no shield)
rNeg     . . .     Faith    .   y - +0 robe (curse)
rPois    .         Spirit   .   (no helmet)
rElec    .         Reflect  .   (no cloak)
rCorr    .         Harm     .   D - +0 pair of gloves
MR       .....                  (no boots)
Stlth    ++........             (no amulet)
HPRegen  0.10/turn              B - ring of ice
MPRegen  0.20/turn              (no ring)

@: berserk cooldown, slowed, very slow
A: no striking features
a: Renounce Religion


You were on level 5 of the Dungeon.
You worshipped Sif Muna.
Sif Muna was noncommittal.
You were not hungry.

You visited 1 branch of the dungeon, and saw 5 of its levels.

You collected 220 gold pieces.

Inventory:

Hand Weapons
 E - the +7 whip of Zakier (weapon) {slash, rF+ MP+9 Str+4}
   (You found it on level 4 of the Dungeon)

   It inflicts extra damage upon your enemies.
   It affects your strength (+4).
   It protects you from fire.
   It affects your magic capacity (+9).
Armour
 d - a +0 shield
 e - a +0 leather armour
 u - a cursed +0 shield
 y - a cursed +0 robe (worn)
 D - a +0 pair of gloves (worn)
 G - a +1 leather armour of cold resistance
Jewellery
 B - a ring of ice (left hand)
Wands
 F - a wand of polymorph (7)
Scrolls
 k - 2 scrolls of magic mapping
 l - 2 scrolls of enchant armour {unknown}
 m - 3 scrolls of blinking {unknown}
 n - 2 scrolls of identify
 o - 3 scrolls of teleportation
 p - a scroll of remove curse {unknown}
 q - a scroll of noise {unknown}
 r - a scroll of enchant weapon {unknown}
 x - a scroll of amnesia {unknown}
 C - a scroll of immolation {unknown}
Potions
 h - 2 potions of might
 i - 2 potions of haste {unknown}
 j - a potion of heal wounds {unknown}
 s - 2 potions of flight {unknown}
 t - a potion of lignification {unknown}
 v - a potion of cancellation {unknown}
 w - 2 potions of berserk rage
 A - a potion of brilliance {unknown}
Comestibles
 c - 9 rations


   Skills:
 + Level 2.9 Dodging
 + Level 2.8 Stealth
 * Level 7.1 Spellcasting
 + Level 6.3 Summonings
 * Level 1.1 Invocations


You had 10 spell levels left.
You knew the following spells:

 Your Spells              Type           Power        Failure   Level  Hunger
a - Summon Small Mammal   Summ           ####         1%          1    None
b - Call Imp              Summ           #####...     1%          2    None
c - Call Canine Familiar  Summ           #####...     1%          3    None
d - Summon Guardian Gole  Hex/Summ       ###.....     7%          3    None

Your spell library contained the following spells:

 Spells                   Type           Power        Failure   Level  Hunger
 Summon Ice Beast         Ice/Summ       ####....     22%         4    ###....
 Summon Lightning Spire   Summ/Air       ###.....     22%         4    ###....


Dungeon Overview and Level Annotations

Branches:
Dungeon (5/15)
 Temple: D:4-7

Altars:
Ashenzari
Nemelex Xobeh
Ru
Sif Muna
Uskayaw
Xom


Message History

Your hound bites the orc wizard.
The orc wizard points at you and mumbles some strange words.
The magic dart hits your hound!
Your hound dies!
Your hound's corpse disappears in a puff of smoke!
Your crimson imp blinks!
You can move again.
Casting: Call Canine Familiar (safe; 1% risk of failure)
Confirm with . or Enter, or press ? or * to list all spells.
Your crimson imp hits the orc wizard but does no damage.
Your crimson imp blinks!
The hound bites your crimson imp.
The hound barely misses your crimson imp.
The orc wizard barely misses you.
Your crimson imp barely misses the hound.
The hound bites your crimson imp.
You swap places.
The orc wizard points at you and mumbles some strange words.
The magic dart hits you.
You die...

,,,*,* ****,*** *,* ,*,*,* *,,,*
*,* ,*,*,* *,*,* *,* **,*,*
*,*,* *,* **,*,* *,*,* *,*
,*,*,* ####****,*,****,***
,,,*,* #..,,,,,,,,,,,,,,,,
,,,*,* ******#.######.#,********
,,,,,* *,,,,*#5@.......,*
,,,,,** *,,,,*#or..###.#,*
,,,,,,***,,,,*#....# *,*,*
,,,,*,,,,,,,,##5†..###.*,***
,,,,,,,,,,,,,+ah......>,,,,*
*,,,,,,,,,,,,##)######.*,*,*****
*,,,,*,**,,,,*#.# *,*,,,,,,,*
*,,,,*,,******#.# *,*,*,**#.#
*,,,,,,,*#....%†# *,*,*,* #.#


You could see a hound, a worker ant, an orc wizard, 2 friendly crimson imps and
a friendly quokka.

Vanquished Creatures
  An orc priest (D:5)
  A hound (D:5)
  An orc (D:5)
  A giant cockroach (D:2)
  2 bats (D:2)
  A frilled lizard (D:1)
7 creatures vanquished.

Vanquished Creatures (collateral kills)
  A phantom (D:4)
  2 ogres (D:4)
  2 orc wizards (D:4)
  Natasha (thrice) (D:4)
  2 iguanas (D:4)
  4 worker ants
  A hound skeleton (D:4)
  4 adders
  An ooze (D:3)
  4 dart slugs
  3 worms
  3 leopard geckos
  3 orcs
  3 ball pythons
  5 bats
  3 giant cockroaches
  11 goblins
  7 hobgoblins
  12 jackals
  11 kobolds
  2 quokkas
  5 frilled lizards
  A quokka skeleton (D:4)
  4 rats
97 creatures vanquished.

Grand Total: 104 creatures vanquished

Notes
Turn   | Place    | Note
-------+----------+-------------------------------------------
     0 | D:1      | robertstho the Deep Elf Summoner began the quest for the
                  | Orb.
     0 | D:1      | Reached XP level 1. HP: 10/10 MP: 6/6
   202 | D:1      | Reached XP level 2. HP: 15/15 MP: 4/8
   813 | D:1      | Learned a level 2 spell: Call Imp
  1135 | D:2      | Reached skill level 5 in Summonings
  1139 | D:2      | Reached XP level 3. HP: 12/19 MP: 1/10
  1249 | D:2      | Reached skill level 4 in Spellcasting
  1504 | D:2      | Found a shimmering altar of Xom.
  1747 | D:2      | Found a shattered altar of Ashenzari.
  1756 | D:2      | Found a sacrificial altar of Ru.
  1842 | D:3      | Learned a level 3 spell: Call Canine Familiar
  1846 | D:3      | Learned a level 3 spell: Summon Guardian Golem
  2191 | D:3      | Reached XP level 4. HP: 24/24 MP: 8/12
  2339 | D:3      | Found a hide-covered altar of Uskayaw.
  2525 | D:3      | Found a sparkling altar of Nemelex Xobeh.
  2757 | D:4      | Noticed a phantom
  2829 | D:4      | Killed a phantom
  2829 | D:4      | Reached skill level 5 in Spellcasting
  2874 | D:4      | Noticed an ogre
  2885 | D:4      | Killed an ogre
  2885 | D:4      | Reached XP level 5. HP: 27/28 MP: 6/15
  2924 | D:4      | Found a deep blue altar of Sif Muna.
  2928 | D:4      | Became a worshipper of Sif Muna the Loreminder
  2942 | D:4      | Reached skill level 6 in Spellcasting
  3047 | D:4      | Noticed Natasha
  3055 | D:4      | Killed Natasha
  3125 | D:4      | Got an encrusted whip
  3126 | D:4      | Identified the +7 whip of Zakier {slash, rF+ MP+9 Str+4}
                  | (You found it on level 4 of the Dungeon)
  3402 | D:4      | Noticed Natasha
  3423 | D:4      | Killed Natasha
  3423 | D:4      | Reached XP level 6. HP: 32/32 MP: 16/17
  3444 | D:4      | Noticed Natasha
  3462 | D:4      | Killed Natasha
  3651 | D:4      | Reached skill level 1 in Invocations
  3823 | D:5      | Entered Level 5 of the Dungeon
  3857 | D:5      | Reached skill level 7 in Spellcasting
  3869 | D:5      | Killed from afar by an orc wizard

Vault maps used:
D:1:      saegor_arrival_miasma, minmay_misc_feat_x
D:2:      gammafunk_temple_overflow_pools, nicolae_overflow_hidden_temple
D:3:      old_standard_altar, nemelex_dance_club_becter
D:4:      led_sif_book, ebering_dispersal_statue_hall, uniq_natasha
D:5:      serial_shops, shop, serial_co_window_serial, co_window_paths_a,
          co_window_paths_a, co_window_of_opportunity_a, co_window_corner_a,
          co_window_corner_a, co_window_2corner, co_window_corner_cb,
          co_window_unsneaky_path_b, co_window_broadway_b, co_window_paths_d,
          first_ration

Skill      XL: |  1  2  3  4  5  6 |
---------------+-------------------+-----
Summonings     | 5 6 |  6.3
Spellcasting   | 4 5 6 7 |  7.1
Invocations    | 1 |  1.1
Dodging        | |  2.9
Stealth        | |  2.8

Action                   |  1- 3 |  4- 6 || total
-------------------------+-------+-------++-------
Melee: Dagger            |    39 |     7 ||    46
       Whip              |       |     6 ||     6
 Cast: Summon Small Mamm |    62 |     7 ||    69
       Call Imp          |    23 |    36 ||    59
       Call Canine Famil |     5 |    18 ||    23
  Use: Scroll            |       |     3 ||     3
       Potion            |       |     1 ||     1
 Stab: Sleeping          |     2 |       ||     2
  Eat: Chunk             |     4 |     6 ||    10
Armor: Robe              |    21 |     2 ||    23
Dodge: Dodged            |    66 |    21 ||    87

Table legend:
 A = Non-vault XP
 B = Vault XP
 C = Vault XP percentage of total XP
 D = Non-vault monster count
 E = Vault monster count
 F = Vault count percentage of total count
                 A         B        C        D         E       F
            +---------+---------+-------+---------+---------+-------
      Total |     526 |      63 |  10.7 |      99 |       5 |   4.8
            +---------+---------+-------+---------+---------+-------
        D:1 |      36 |       0 |   0.0 |      31 |       0 |   0.0
        D:2 |      38 |       0 |   0.0 |      26 |       0 |   0.0
        D:3 |      42 |       6 |  12.5 |      20 |       2 |   9.1
        D:4 |     323 |      57 |  15.0 |      17 |       3 |  15.0
        D:5 |      87 |       0 |   0.0 |       5 |       0 |   0.0
            +---------+---------+-------+---------+---------+-------
